 Dungeon Crawl Stone Soup version 0.27.1-3-gb3d3a73c9e (webtiles) character file.

Game seed: 18383783687272898907

70 VictoriousLee the Caller (level 4, 0/24 HPs)
             Began as a Tengu Summoner on Oct 15, 2021.
             Slain by Natasha (6 damage)
             ... on level 2 of the Dungeon.
             The game lasted 00:06:40 (1950 turns).

VictoriousLee the Caller (Tengu Summoner)           Turns: 1950, Time: 00:06:41

Health: 0/24       AC:  2    Str:  8    XL:     4   Next: 21%
Magic:  4/8        EV: 12    Int: 17    God:
Gold:   119        SH:  0    Dex: 14    Spells: 1/7 levels left

rFire    . . .     SeeInvis .   c - +0 whip
rCold    . . .     Faith    .   (no shield)
rNeg     . . .     Spirit   .   a - +0 robe
rPois    .         Reflect  .   (helmet restricted)
rElec    .         Harm     .   (no cloak)
rCorr    .         Rampage  .   (no gloves)
Will     +....                  (boots unavailable)
Stlth    ++........             (no amulet)
HPRegen  0.08/turn              b - ring of willpower
MPRegen  0.11/turn              (no ring)

@: no status effects
A: beak, talons 3
a: no special abilities


You were on level 2 of the Dungeon.
You visited 1 branch of the dungeon, and saw 2 of its levels.

You collected 119 gold pieces.

Inventory:

Hand Weapons
 c - a +0 whip (weapon)
Missiles
 e - 40 arrows
Armour
 a - a +0 robe (worn)
Jewellery
 b - a ring of willpower (left hand)
Scrolls
 f - 3 scrolls of identify {unknown}
 g - a scroll of teleportation {unknown}


   Skills:
 - Level 2.1 Dodging
 - Level 2.0 Stealth
 - Level 2.0 Spellcasting
 + Level 6.8 Summonings


You had one spell level left.
You knew the following spells:

 Your Spells              Type           Power      Damage    Failure   Level
a - Call Imp              Summ           24%        N/A       1%          2
b - Summon Small Mammal   Summ           96%        N/A       1%          1
c - Call Canine Familiar  Summ           24%        N/A       3%          3

Your spell library contained the following spells:

 Spells                   Type           Power      Damage    Failure   Level
 Summon Guardian Golem    Hex/Summ       13%        N/A       14%         3
 Summon Lightning Spire   Summ/Air       13%        N/A       43%         4


Dungeon Overview and Level Annotations

Branches:
Dungeon (2/15)

Altars:

Annotations:
D:2 Natasha


Innate Abilities, Weirdness & Mutations

You have a beak for a mouth.
You have claws for feet.


Message History

Your crimson imp barely misses Natasha.
The crimson imp closely misses you.
Your shadow imp misses the crimson imp.
You hit the crimson imp.
The crimson imp is almost dead.
Natasha extends her claws.
Natasha barely misses your shadow imp.
The crimson imp closely misses your crimson imp.
Your crimson imp barely misses Natasha.
The crimson imp blinks!
You hit Natasha but do no damage.
Natasha is lightly wounded.
Your crimson imp hits the crimson imp.
Natasha mumbles some strange words.
Natasha glows brightly for a moment.
Natasha casts a spell at you. You resist with almost no effort.
You hit Natasha. Your kick misses Natasha.
Natasha is moderately wounded.
The crimson imp laughs crazily.
Natasha barely misses you.
You swap places.
Your crimson imp hits the crimson imp but does no damage.
The crimson imp blinks!
The crimson imp closely misses your shadow imp.
Your shadow imp hits the crimson imp but does no damage.
You hit Natasha but do no damage. You peck Natasha, but do no damage.
Natasha is moderately wounded.
Your iron imp misses Natasha.
The crimson imp hits your shadow imp.
Your shadow imp dies!
Natasha claws you!
* * * LOW HITPOINT WARNING * * *
You barely miss Natasha. You claw Natasha.
Natasha is heavily wounded.
The crimson imp shouts, "Scamper away, thou villainous shard-borne bum-bailey!"
Your iron imp barely misses Natasha.
Natasha barely misses you.
Your crimson imp misses Natasha.
You hit Natasha. Your peck misses Natasha.
Natasha is heavily wounded.
The crimson imp disappears in a puff of smoke!
Natasha claws you.
You die...

......# #...##.######.##..#.##.##
......# #.#.##..### #.....#.##...
......###.#.......#######.....##.
...........####.............#....
....<.##.#.### ###....#####......
......##.....######...# #......
......###.............# #......
......# ####.####ยง.##..# #######
#..#### #...h@..##..# #.
#.############55#....#... #.
..........##....<.##..#... ...
...........#5####?###.....# ..#
.............####... .##.......
.........<............. ..##..
............############
.....)......# ............#


You could see Natasha (ally target), a crimson imp (summoned), a friendly iron
imp (summoned) and a friendly crimson imp (summoned).

Vanquished Creatures
  Natasha (D:2)
  A dart slug (D:2)
  4 bats
  An endoplasm (D:1)
  A giant cockroach (D:1)
  3 goblins
  2 hobgoblins (D:1)
  A kobold (D:2)
  A quokka (D:1)
  A frilled lizard (D:1)
  2 rats
18 creatures vanquished.

Vanquished Creatures (collateral kills)
  Natasha (D:2)
  2 adders (D:2)
  A dart slug (D:1)
  2 goblins (D:2)
  A hobgoblin (D:2)
  A ball python (D:2)
  A kobold (D:2)
  A rat (D:2)
10 creatures vanquished.

Vanquished Creatures (others)
  4 fungi (D:2)
4 creatures vanquished.

Grand Total: 32 creatures vanquished

Notes
Turn   | Place    | Note
-------+----------+-------------------------------------------
     0 | D:1      | VictoriousLee the Tengu Summoner began the quest for the
                  | Orb.
     0 | D:1      | Reached XP level 1. HP: 10/10 MP: 4/4
    25 | D:1      | Reached skill level 5 in Summonings
   129 | D:1      | Reached XP level 2. HP: 7/15 MP: 4/6
   132 | D:1      | Learned a level 2 spell: Call Imp
   435 | D:1      | You fall into a shaft and drop 1 floor!
   665 | D:2      | Noticed Natasha
   681 | D:2      | Noticed a crimson imp
   685 | D:2      | Noticed a crimson imp
   686 | D:2      | Noticed a crimson imp
   687 | D:2      | Killed Natasha
   688 | D:2      | Reached skill level 6 in Summonings
   688 | D:2      | Reached XP level 3. HP: 4/19 MP: 1/7
  1686 | D:1      | Learned a level 3 spell: Call Canine Familiar
  1804 | D:2      | Noticed Natasha
  1833 | D:2      | Killed Natasha
  1834 | D:2      | Reached XP level 4. HP: 19/24 MP: 8/8
  1880 | D:2      | Noticed Natasha
  1950 | D:2      | Slain by Natasha

Illustrated notes

Levels and vault maps discovered:
D:1:      saegor_arrival_miasma, layout_basic, minmay_unequal
D:2:      layout_rooms, dreamdust_ecumenical_altar_grove, uniq_natasha

Skill      XL: |  1  2 |
---------------+-------+-----
Summonings     | 5 6 |  6.8
Dodging        | |  2.1
Stealth        | |  2.0
Spellcasting   | |  2.0

Action                   |  1- 3 |  4- 6 || total
-------------------------+-------+-------++-------
Melee: Whip              |    53 |     9 ||    62
       Kick              |    16 |     1 ||    17
       Unarmed           |     3 |       ||     3
       Peck              |     8 |     1 ||     9
 Cast: Summon Small Mamm |     3 |       ||     3
       Call Imp          |    14 |     3 ||    17
  Use: Potion            |     1 |       ||     1
 Stab: Sleeping          |     1 |       ||     1
Armor: Robe              |    10 |       ||    10
Dodge: Dodged            |    23 |     4 ||    27
